ADL
GAWLER BUMBLEBEES @ WEST LAKES SMASH
07/31/2022
 
TOP OF THE 1ST
Gawler Bumblebees batting - Pitching for West Lakes Smash : RHP Joe Pilgrim
Pitching: RHP Joe Pilgrim
Batting: RHB Rhett Potticary 0-0: Called Strike
0-1: Foul Ball, location: 25F
0-2: Ground out 5-3 (Groundball, 5, EV 85.6 MPH)
Batting: RHB K.C. McDonald 0-0: Called Strike
0-1: Ball
1-1: Ball
2-1: SINGLE (Line Drive, 34D, EV 96.9 MPH)
Batting: LHB Jordy Murfitt 0-0: Called Strike
0-1: SINGLE (Line Drive, 6D, EV 93.8 MPH)
K.C. McDonald to second
Batting: LHB Ken Doolitttle 0-0: Ball
1-0: Ball
2-0: Ball
3-0: Base on Balls
K.C. McDonald to third
Jordy Murfitt to second
Batting: RHB Luke Elford 0-0: Ball
1-0: Ground out 5-3 (Groundball, 5S, EV 73.8 MPH)
K.C. McDonald scores
Jordy Murfitt to third
Ken Doolitttle to second
Batting: RHB Ron Howell 0-0: Ball
1-0: Fly out, F4 (Popup, 3S, EV 72.5 MPH)
Top of the 1st over - 1 run, 2 hits, 0 errors, 2 left on base; Gawler 1 - West Lakes 0
BOTTOM OF THE 1ST
West Lakes Smash batting - Pitching for Gawler Bumblebees : RHP Luke Trewhella
Pitching: RHP Luke Trewhella
Batting: RHB Art Eckington 0-0: Called Strike
0-1: SINGLE (Flyball, 6D, EV 84.4 MPH)
Batting: RHB Ted Minns 0-0: Ball
Art Eckington steals 2nd base
1-0: Foul Ball, location: 23F
1-1: Ball
2-1: Ball
3-1: Called Strike
3-2: Strikes out swinging
Batting: SHB Jamie Shelley 0-0: Ball
1-0: Ball
2-0: Ball
3-0: Called Strike
3-1: Called Strike
3-2: SINGLE (Line Drive, 9S, EV 110.0 MPH)
Art Eckington to third
Batting: RHB Todd Dand 0-0: Ball
1-0: Ball
Jamie Shelley is caught stealing 2nd base 2-4
2-0: Ball
3-0: Called Strike
3-1: Called Strike
3-2: Reached on error, E4 (Groundball, 34, EV 85.0 MPH)
Art Eckington scores
Batting: RHB Denzel Spargo 0-0: Ball
1-0: Swinging Strike
1-1: Swinging Strike
1-2: Ball
2-2: Strikes out swinging
Bottom of the 1st over - 1 run, 2 hits, 1 error, 1 left on base; Gawler 1 - West Lakes 1
TOP OF THE 2ND
Gawler Bumblebees batting - Pitching for West Lakes Smash : RHP Joe Pilgrim
Batting: RHB Arron Albury 0-0: Hit by Pitch
Batting: RHB Shawn Lett 0-0: Ball
1-0: Sac Bunt to 15 - play at first, batter OUT! 1-3
Arron Albury to second
Batting: LHB Jim Unknown 0-0: Ball
1-0: Called Strike
1-1: Ball
2-1: Ball
3-1: Fly out, F5 (Popup, 5S, EV 74.4 MPH)
Batting: RHB Rhett Potticary 0-0: Foul Ball, location: 3SF
0-1: Ball
1-1: Fly out, F3 (Popup, 3SF, EV 80.6 MPH)
Top of the 2nd over - 0 runs, 0 hits, 0 errors, 1 left on base; Gawler 1 - West Lakes 1
BOTTOM OF THE 2ND
West Lakes Smash batting - Pitching for Gawler Bumblebees : RHP Luke Trewhella
Batting: RHB William Glasson 0-0: Ball
1-0: Ball
2-0: Called Strike
2-1: Ball
3-1: Base on Balls
Batting: RHB Shane Withecombe 0-0: Swinging Strike
0-1: SINGLE (Line Drive, 4D, EV 101.9 MPH)
William Glasson to second
Batting: RHB Mark Caporn 0-0: Sac Bunt to 5S - play at first, batter safe!
William Glasson to third
Shane Withecombe to second
Batting: RHB Clarrie Phillipson 0-0: Foul Ball, location: 3SF
0-1: Hit by Pitch
William Glasson scores
Shane Withecombe to third
Mark Caporn to second
Batting: RHB Art Eckington 0-0: Swinging Strike
0-1: Swinging Strike
0-2: Ball
1-2: SINGLE (Groundball, 6S, EV 67.5 MPH) (infield hit)
Shane Withecombe scores
Mark Caporn to third
Clarrie Phillipson to second
Batting: RHB Ted Minns 0-0: Swinging Strike
0-1: SINGLE (Line Drive, 89S, EV 93.1 MPH)
Mark Caporn scores
Clarrie Phillipson to third
Art Eckington to second
Batting: SHB Jamie Shelley 0-0: Ball
1-0: Foul Ball, location: 7LDF
1-1: Ball
2-1: SINGLE (Line Drive, 78S, EV 92.5 MPH)
Clarrie Phillipson scores
Art Eckington to third
Ted Minns to second
Batting: RHB Todd Dand 0-0: Ball
1-0: Swinging Strike
1-1: Called Strike
1-2: Strikes out looking
Batting: RHB Denzel Spargo 0-0: Ball
1-0: Fly out, F7 (Flyball, 7LM, EV 92.5 MPH)
Runner from 3rd tags up, SCORES, throw by LF
Ted Minns to third
Batting: RHB William Glasson 0-0: Foul Ball, location: 2F
0-1: SINGLE (Groundball, 56D, EV 110.0 MPH)
Ted Minns scores
Jamie Shelley to second
Pitching: RHP Chris Wapshott
Batting: RHB Shane Withecombe 0-0: Called Strike
0-1: Ball
1-1: Foul Ball, location: 5F
1-2: Fly out, F9 (Flyball, 9S, EV 95.6 MPH)
Bottom of the 2nd over - 6 runs, 6 hits, 0 errors, 2 left on base; Gawler 1 - West Lakes 7
TOP OF THE 3RD
Gawler Bumblebees batting - Pitching for West Lakes Smash : RHP Joe Pilgrim
Batting: RHB K.C. McDonald 0-0: Ball
1-0: Called Strike
1-1: Foul Ball, location: 3F
1-2: Foul Ball, location: 9LMF
1-2: Fly out, F9 (Flyball, 9, EV 95.0 MPH)
Batting: LHB Jordy Murfitt 0-0: Called Strike
0-1: SINGLE (Line Drive, 9S, EV 108.1 MPH)
Batting: LHB Ken Doolitttle 0-0: Called Strike
0-1: Ball
1-1: Grounds into double play, 5-4-3 (Groundball, 5L, EV 85.6 MPH)
Top of the 3rd over - 0 runs, 1 hit, 0 errors, 0 left on base; Gawler 1 - West Lakes 7
BOTTOM OF THE 3RD
West Lakes Smash batting - Pitching for Gawler Bumblebees : RHP Chris Wapshott
Batting: RHB Mark Caporn 0-0: Foul Ball, location: 9LMF
0-1: Ground out U3 (Groundball, 34, EV 108.8 MPH)
Batting: RHB Clarrie Phillipson 0-0: SOLO HOME RUN (Flyball, 7D, EV 97.5 MPH), Distance : 364 ft
Batting: RHB Art Eckington 0-0: Called Strike
0-1: Foul Ball, location: 2F
0-2: Ball
1-2: Fly out, F6 (Popup, 6MS, EV 76.9 MPH)
Batting: RHB Ted Minns 0-0: Called Strike
0-1: Fly out, F8 (Flyball, 78M, EV 85.0 MPH)
Bottom of the 3rd over - 1 run, 1 hit, 0 errors, 0 left on base; Gawler 1 - West Lakes 8
TOP OF THE 4TH
Gawler Bumblebees batting - Pitching for West Lakes Smash : RHP Joe Pilgrim
Batting: RHB Luke Elford 0-0: Ground out 5-3 (Groundball, 56, EV 110.0 MPH)
Batting: RHB Ron Howell 0-0: Called Strike
0-1: Fly out, F8 (Line Drive, 8RM, EV 99.4 MPH)
Batting: RHB Arron Albury 0-0: Ground out 1-3 (Groundball, P, EV 65.6 MPH)
Top of the 4th over - 0 runs, 0 hits, 0 errors, 0 left on base; Gawler 1 - West Lakes 8
BOTTOM OF THE 4TH
West Lakes Smash batting - Pitching for Gawler Bumblebees : RHP Chris Wapshott
Batting: SHB Jamie Shelley 0-0: Foul Ball, location: 5FF
0-1: Swinging Strike
0-2: Ball
1-2: Ground out 4-3 (Groundball, 4, EV 75.0 MPH)
Batting: RHB Todd Dand 0-0: Ball
1-0: SOLO HOME RUN (Line Drive, 9LD, EV 96.3 MPH), Distance : 333 ft
Batting: RHB Denzel Spargo 0-0: Foul Ball, location: 7LDF
0-1: Ball
1-1: Swinging Strike
1-2: Foul Ball, location: 3FF
1-2: SINGLE (Line Drive, 78M, EV 95.0 MPH)
Batting: RHB William Glasson 0-0: Fly out, F7 (Line Drive, 7, EV 85.6 MPH)
Batting: RHB Shane Withecombe 0-0: Single, Error in OF, E9, batter to second base (Groundball, 34D, EV 101.3 MPH)
Denzel Spargo to third
Batting: RHB Mark Caporn 0-0: SINGLE (Groundball, 6MS, EV 66.9 MPH) (infield hit)
Denzel Spargo scores
Shane Withecombe to third
Batting: RHB Clarrie Phillipson 0-0: Foul Ball, location: 9LDF
0-1: Ball
1-1: Ball
2-1: Foul Ball, location: 5F
2-2: SINGLE (Line Drive, 6MD, EV 99.4 MPH)
Shane Withecombe scores
Mark Caporn to second
Runner from 2nd tries for 3rd, SAFE after rundown.
Batting: RHB Art Eckington 0-0: Called Strike
0-1: Ball
1-1: Ball
2-1: Swinging Strike
2-2: Strikes out swinging
Bottom of the 4th over - 3 runs, 5 hits, 1 error, 2 left on base; Gawler 1 - West Lakes 11
TOP OF THE 5TH
Gawler Bumblebees batting - Pitching for West Lakes Smash : RHP Joe Pilgrim
Batting: RHB Shawn Lett 0-0: SINGLE (Groundball, 4MD, EV 100.0 MPH)
Batting: LHB Jim Unknown 0-0: Called Strike
0-1: Ball
1-1: Fly out, F8 (Flyball, 8LM, EV 85.0 MPH)
Batting: RHB Rhett Potticary 0-0: SINGLE (Line Drive, 7S, EV 85.6 MPH)
Shawn Lett to second
Batting: RHB K.C. McDonald 0-0: Ball
1-0: Ball
2-0: Foul Ball, location: 9LMF
2-1: Ball
3-1: Called Strike
3-2: Base on Balls
Shawn Lett to third
Rhett Potticary to second
Batting: LHB Jordy Murfitt 0-0: Called Strike
0-1: Foul Ball, location: 2F
0-2: Foul Ball, location: 2F
0-2: Foul Ball, location: 2RF
0-2: Strikes out looking
Batting: LHB Ken Doolitttle 0-0: SINGLE (Flyball, 34D, EV 90.0 MPH)
Shawn Lett scores
Rhett Potticary to third
K.C. McDonald to second
Runner from 3rd tries for Home, SAFE, throw by RF to home
Batting: RHB Luke Elford 0-0: Ball
1-0: Ball
2-0: Called Strike
2-1: Foul Ball, location: 5F
2-2: Ball
3-2: Foul Ball, location: 2F
3-2: Base on Balls
K.C. McDonald to third
Ken Doolitttle to second
Batting: RHB Ron Howell 0-0: Reached on error, E7 (Flyball, 78S, EV 87.5 MPH)
K.C. McDonald scores
Ken Doolitttle scores
Luke Elford to third
Batting: RHB Arron Albury 0-0: Ball
1-0: Swinging Strike
1-1: Ball
2-1: Foul Ball, location: 2F
2-2: Strikes out swinging
Top of the 5th over - 4 runs, 3 hits, 1 error, 2 left on base; Gawler 5 - West Lakes 11
BOTTOM OF THE 5TH
West Lakes Smash batting - Pitching for Gawler Bumblebees : RHP Chris Wapshott
Pitching: RHP John Bricknell
Batting: RHB Ted Minns 0-0: Ground out U3 (Groundball, 34S, EV 63.8 MPH)
Batting: SHB Jamie Shelley 0-0: Ball
1-0: SINGLE (Line Drive, 4M, EV 96.9 MPH)
Batting: RHB Todd Dand 0-0: Fly out, F6 (Line Drive, 6M, EV 64.4 MPH)
Batting: RHB Denzel Spargo 0-0: Ball
1-0: DOUBLE (Flyball, 89XD, EV 110.6 MPH)
Jamie Shelley to third
Batting: RHB William Glasson 0-0: Ball
1-0: Called Strike
1-1: Foul Ball, location: 25F
1-2: Foul Ball, location: 3FF
1-2: SINGLE (Line Drive, 78S, EV 97.5 MPH)
Jamie Shelley scores
Denzel Spargo to third
Batting: RHB Shane Withecombe 0-0: Ball
1-0: SINGLE (Groundball, 56S, EV 70.6 MPH)
Denzel Spargo scores
William Glasson to second
Batting: RHB Mark Caporn 0-0: Called Strike
0-1: SINGLE (Line Drive, 6D, EV 99.4 MPH)
William Glasson to third
Shane Withecombe to second
Runner from 3rd tries for Home, throw by LF and OUT! 7-2
Bottom of the 5th over - 2 runs, 5 hits, 0 errors, 2 left on base; Gawler 5 - West Lakes 13
TOP OF THE 6TH
Gawler Bumblebees batting - Pitching for West Lakes Smash : RHP Joe Pilgrim
Pitching: RHP Justin Segar
Batting: RHB Shawn Lett 0-0: Ground out 6-3 (Groundball, 6S, EV 88.1 MPH)
Batting: LHB Jim Unknown 0-0: Fly out, F9 (Flyball, 9LS, EV 98.1 MPH)
Batting: RHB Rhett Potticary 0-0: Ball
1-0: Ball
2-0: Called Strike
2-1: Foul Ball, location: 2LF
2-2: Hit by Pitch
Batting: RHB K.C. McDonald 0-0: Ball
1-0: Swinging Strike
1-1: Ball
2-1: Foul Ball, location: 5F
2-2: Ball
3-2: Base on Balls
Rhett Potticary to second
Batting: LHB Jordy Murfitt 0-0: Foul Ball, location: 3FF
0-1: Ball
1-1: Called Strike
1-2: SINGLE (Line Drive, 89S, EV 91.3 MPH)
Rhett Potticary to third
K.C. McDonald to second
Runner from 3rd tries for Home, throw by RF and OUT! 9-2
Top of the 6th over - 0 runs, 1 hit, 0 errors, 2 left on base; Gawler 5 - West Lakes 13
BOTTOM OF THE 6TH
West Lakes Smash batting - Pitching for Gawler Bumblebees : RHP John Bricknell
Batting: RHB Clarrie Phillipson 0-0: Ground out 6-3 (Groundball, 6, EV 106.3 MPH)
Batting: RHB Art Eckington 0-0: Called Strike
0-1: Ground out 5-3 (Groundball, 56, EV 89.4 MPH)
Batting: RHB Ted Minns 0-0: Called Strike
0-1: Ball
1-1: Foul Ball, location: 2F
1-2: Ball
2-2: Strikes out swinging, 2-3 out at first.
Bottom of the 6th over - 0 runs, 0 hits, 0 errors, 0 left on base; Gawler 5 - West Lakes 13
TOP OF THE 7TH
Gawler Bumblebees batting - Pitching for West Lakes Smash : RHP Justin Segar
Batting: LHB Ken Doolitttle 0-0: SINGLE (Line Drive, 7LS, EV 91.9 MPH)
Batting: RHB Luke Elford 0-0: Swinging Strike
0-1: Ball
1-1: Swinging Strike
1-2: Foul Ball, location: 23FF
1-2: Ball
2-2: Strikes out swinging
Batting: RHB Ron Howell 0-0: Fly out, F4 (Popup, 34D, EV 65.6 MPH)
Batting: RHB Arron Albury 0-0: Called Strike
0-1: Swinging Strike
0-2: Ball
1-2: Foul Ball, location: 3F
1-2: Strikes out looking
Top of the 7th over - 0 runs, 1 hit, 0 errors, 1 left on base; Gawler 5 - West Lakes 13
BOTTOM OF THE 7TH
West Lakes Smash batting - Pitching for Gawler Bumblebees : RHP John Bricknell
Batting: SHB Jamie Shelley 0-0: Ball
1-0: Swinging Strike
1-1: Foul Ball, location: 25F
1-2: Ball
2-2: Fly out, F8 (Line Drive, 8RM, EV 85.6 MPH)
Batting: RHB Todd Dand 0-0: Called Strike
0-1: Ball
1-1: Ball
2-1: Ball
3-1: Base on Balls
Batting: RHB Denzel Spargo 0-0: Called Strike
0-1: Swinging Strike
0-2: Ball
1-2: Ball
2-2: Foul Ball, location: 2F
2-2: Fly out, F8 (Flyball, 78M, EV 96.9 MPH)
Batting: RHB William Glasson 0-0: Called Strike
0-1: Foul Ball, location: 3F
0-2: Ball
1-2: Ball
2-2: Ball
3-2: Ground out 6-3 (Groundball, 6, EV 86.3 MPH)
Bottom of the 7th over - 0 runs, 0 hits, 0 errors, 1 left on base; Gawler 5 - West Lakes 13
TOP OF THE 8TH
Gawler Bumblebees batting - Pitching for West Lakes Smash : RHP Justin Segar
Pinch Hitting: RHB Willem Bonney 0-0: Ball
1-0: Foul Ball, location: 9LSF
1-1: Foul Ball, location: 7LDF
1-2: DOUBLE (Line Drive, 78D, EV 104.4 MPH)
Batting: LHB Jim Unknown 0-0: Called Strike
0-1: Ball
1-1: Ball
2-1: Swinging Strike
2-2: Foul Ball, location: 9LMF
2-2: Strikes out swinging
Batting: RHB Rhett Potticary 0-0: Called Strike
0-1: Fly out, F5 (Line Drive, 5, EV 73.1 MPH)
Batting: RHB K.C. McDonald 0-0: Ball
1-0: Ball
2-0: Ball
3-0: Called Strike
3-1: Ground out 5-3 (Groundball, 56S, EV 87.5 MPH)
Top of the 8th over - 0 runs, 1 hit, 0 errors, 1 left on base; Gawler 5 - West Lakes 13
BOTTOM OF THE 8TH
West Lakes Smash batting - Pitching for Gawler Bumblebees : RHP John Bricknell
Now in CF: Ty Bennett
Batting: RHB Shane Withecombe 0-0: Fly out, F3 (Popup, 23F, EV 93.1 MPH)
Batting: RHB Mark Caporn 0-0: Ball
1-0: Ball
2-0: Called Strike
2-1: Foul Ball, location: 7LDF
2-2: Strikes out swinging
Batting: RHB Clarrie Phillipson 0-0: Fly out, F8 (Flyball, 78M, EV 95.6 MPH)
Bottom of the 8th over - 0 runs, 0 hits, 0 errors, 0 left on base; Gawler 5 - West Lakes 13
TOP OF THE 9TH
Gawler Bumblebees batting - Pitching for West Lakes Smash : RHP Justin Segar
Batting: LHB Jordy Murfitt 0-0: Swinging Strike
0-1: Ball
1-1: Foul Ball, location: 7LMF
1-2: Foul Ball, location: 7LDF
1-2: Ball
2-2: Ball
3-2: Fly out, F9 (Flyball, 9D, EV 111.3 MPH)
Batting: LHB Ken Doolitttle 0-0: Called Strike
0-1: Ball
1-1: Ball
2-1: Ball
3-1: Called Strike
3-2: Base on Balls
Pitching: RHP Will Vantassell
Batting: RHB Luke Elford 0-0: Ball
1-0: Foul Ball, location: 2F
1-1: Fielders Choice at 2nd, 6-4 (Groundball, 6M, EV 100.0 MPH)
Batting: RHB Ron Howell 0-0: Foul Ball, location: 9LDF
0-1: Ball
1-1: Ball
2-1: Ball
3-1: Base on Balls
Luke Elford to second
Pinch Hitting: RHB Kasey Walsh 0-0: Ball
1-0: Foul Ball, location: 2F
1-1: Ball
2-1: Ground out U3 (Groundball, 3, EV 97.5 MPH)
Top of the 9th over - 0 runs, 0 hits, 0 errors, 2 left on base; Gawler 5 - West Lakes 13
Tuesday, April 30th , 2024 - OOTP Baseball 24.9 Build 80